 Seeded DCSS version 0.28.0 (webtiles) character file.

Game seed: 10379525442082979767 (custom seed)

471 hikkokomori the Bolt Thrower (level 7, -4/50 (52) HPs)
             Began as a Formicid Hunter on Feb 16, 2022.
             Slain by a goblin (6 damage)
             ... led by Robin
             ... on level 4 of the Dungeon.
             The game lasted 00:07:20 (3348 turns).

hikkokomori the Bolt Thrower (Formicid Hunter)      Turns: 3348, Time: 00:07:22

HP:   -4/50 (52)    AC:  3    Str: 19    XL:     7   Next: 31%
MP:   7/7           EV: 11    Int: 10    God:
Gold: 41            SH:  0    Dex: 11    Spells: 6/6 levels left

rFire   . . .      SeeInvis +   g - +0 halberd
rCold   . . .      Faith    .   (no shield)
rNeg    . . .      Spirit   .   c - +0 leather armour
rPois   .          Reflect  .   (helmet unavailable)
rElec   .          Harm     .   (no cloak)
rCorr   .          Rampage  .   (no gloves)
Will    .....                   (no boots)
Stlth   +++.......              (no amulet)
HPRegen 0.16/turn               (no ring)
MPRegen 0.10/turn               (no ring)

@: brilliant, lightly drained
A: permanent stasis, dig shafts and tunnels, antennae 3, four strong arms
a: Dig, Shaft Self


You were on level 4 of the Dungeon.
You visited 1 branch of the dungeon, and saw 4 of its levels.

You collected 69 gold pieces.
You spent 28 gold pieces at shops.

Inventory:

Hand Weapons
 a - a +1 vorpal hand crossbow
 b - a +0 short sword
 g - a +0 halberd (weapon)
 k - a +0 dagger
 p - a +0 hunting sling
Missiles
 d - 14 bolts
Armour
 c - a +0 leather armour (worn)
Scrolls
 f - a scroll of amnesia {unknown}
 h - a scroll of teleportation
 j - a scroll of magic mapping {unknown}
 l - a scroll of blinking {unknown}
 n - a scroll of fear {unknown}
 o - a scroll of enchant weapon {unknown}
Potions
 e - a potion of degeneration


   Skills:
 + Level 3.4 Fighting
 + Level 6.3 Crossbows
 - Level 1.7 Dodging
 - Level 6.1 Stealth


You had 6 spell levels left.
You didn't know any spells.
Your spell library contained the following spells:

 Spells                   Type           Power      Damage    Failure   Level
 Static Discharge         Conj/Air       0%         N/A       56%         2
 Dispel Undead            Necr           0%         3d6       99%         4
 Sticky Flame             Conj/Fire      0%         2d3       99%         4


Dungeon Overview and Level Annotations

Branches:
Dungeon (4/15)
 Temple: D:4-7

Altars:

Shops:
D:3 ?

Annotations:
D:4 Robin


Innate Abilities, Weirdness & Mutations

You cannot be hasted, slowed, berserked, paralysed or teleported.
You can dig through walls and to a lower floor.
You have a pair of large antennae on your head. (SInv)
Your four strong arms can wield two-handed weapons with a shield.


Message History

The goblin barely misses you. The goblin hits you but does no damage.
The goblin hits you with a +0 club. Robin throws the goblin at you!
The goblin hits you with a +0 club. The goblin barely misses you.
Robin flexes a bicep menacingly.
The goblin barely misses you.
You open the door. The goblin barely misses you.
The goblin hits you but does no damage. x2
The goblin no longer looks unusually strong.
Robin throws the goblin at you!
There is an open door here.
You hit the goblin.
The goblin is severely wounded.
The goblin no longer looks unusually strong.
The goblin hits you with a +0 club. x2
* * * LOW HITPOINT WARNING * * *
The goblin hits you with a +0 club.
* * * LOW HITPOINT WARNING * * *
Robin roars a battlecry!
The goblins go into a battle-frenzy!
You hit the goblin.
You kill the goblin!
The hobgoblin no longer looks unusually strong.
The goblin hits you with a +0 club.
* * * LOW HITPOINT WARNING * * *
The goblin barely misses you.
Robin roars a battlecry!
The hobgoblin goes into a battle-frenzy!
The goblin hits you with a +0 club.
* * * LOW HITPOINT WARNING * * *
Things that are here:
a +0 club; a goblin corpse It was a potion of brilliance.
You feel clever all of a sudden. The goblin hits you but does no damage.
As you read the scroll labelled MAUZOGU DUDUS, it crumbles to dust.
You feel a surge of unholy energy.
The goblin convulses!
Robin convulses!
The hobgoblin convulses!
It was a scroll of torment.
Robin throws the goblin at you! The goblin hits you with a +0 club.
You die...

#### ###### #...####
#....####....... #)..........#
###.##.##.....#
#....#.##..>.## #.#..#.##.#..#
#....#....g..# .#
#....####.#@## .g
#....####.#g## .#
##....>....gg## .#
##.######.....## .###### ##..#
##.......## ((.(...
#####...####.........###($..##
...........+.........'.((....#
###.....####.........###(...##
#.##.## ##.....<.## .#.##


You could see Robin, a hobgoblin (strong) and 2 goblins.

Vanquished Creatures
  Sigmund (D:3)
  Edmund (D:4)
  An iguana (D:4)
  An orc wizard (D:4)
  4 gnolls (D:3)
  3 adders
  An adder skeleton (D:4)
  A worm (D:3)
  4 dart slugs
  3 orcs (D:4)
  An endoplasm (D:3)
  4 giant cockroaches
  9 goblins
  3 hobgoblins
  2 jackals (D:4)
  2 quokkas
  7 ball pythons
  9 bats
  4 frilled lizards
  8 kobolds
  3 rats
72 creatures vanquished.

Notes
Turn   | Place    | Note
-------+----------+-------------------------------------------
     0 | D:1      | hikkokomori the Formicid Hunter began the quest for the
                  | Orb.
     0 | D:1      | Reached XP level 1. HP: 16/16 MP: 1/1
   132 | D:1      | Reached XP level 2. HP: 22/22 MP: 2/2
   601 | D:2      | Reached XP level 3. HP: 27/27 MP: 3/3
  1042 | D:2      | Reached XP level 4. HP: 33/33 MP: 4/4
  1707 | D:3      | Found Vynolin's Magic Scroll Boutique.
  1711 | D:3      | Bought a scroll of identify for 28 gold pieces
  1736 | D:3      | Reached skill level 5 in Crossbows
  1785 | D:3      | Noticed Sigmund
  1792 | D:3      | Killed Sigmund
  1793 | D:3      | Reached skill level 5 in Stealth
  1793 | D:3      | Reached XP level 5. HP: 17/38 MP: 5/5
  1793 | D:3      | Reached XP level 6. HP: 20/44 MP: 6/6
  2001 | D:3      | Found a faded altar of an unknown god.
  2582 | D:4      | Noticed Edmund
  2596 | D:4      | Killed Edmund
  2597 | D:4      | Reached XP level 7. HP: 25/52 MP: 7/7
  3014 | D:4      | Noticed Robin
  3345 | D:4      | HP: 2/50 [goblin[Robin] (6)]
  3348 | D:4      | Slain by a goblin

Illustrated notes

Levels and vault maps discovered:
D:1:      minmay_arrival_arboretum_small, layout_basic
D:2:      layout_basic
D:3:      layout_loops_cross, serial_shops, nicolae_shop_hallway_stairs,
          ebering_ecumenical_altar_ruins, uniq_sigmund
D:4:      layout_loops_corners, kennysheep_generic_room_2, uniq_blork_the_orc,
          uniq_edmund, uniq_robin

Skill      XL: |  1  2  3  4  5  6 |
---------------+-------------------+-----
Stealth        | 2 3 5 6 |  6.1
Crossbows      | 5 6 |  6.3
Fighting       | 3 |  3.4
Dodging        | |  1.7

Action                   |  1- 3 |  4- 6 |  7- 9 || total
-------------------------+-------+-------+-------++-------
Melee: Halberd           |       |       |    11 ||    11
 Fire: Hand crossbow     |    53 |    62 |    22 ||   137
 Abil: Dig               |       |       |     1 ||     1
  Use: Scroll            |       |     5 |     1 ||     6
       Potion            |       |     1 |     2 ||     3
Armor: Leather armour    |     2 |     5 |    13 ||    20
Dodge: Dodged            |     5 |    13 |    23 ||    41
